 Dungeon Crawl Stone Soup version 0.28.0-47-ge53b351184 (webtiles) character file.

Game seed: 13013109280211869357

194 Acheron the Chiller (level 5, 0/37 HPs)
             Began as a Merfolk Ice Elementalist on May 5, 2022.
             Succumbed to a water moccasin's poison
             ... on level 6 of the Dungeon.
             The game lasted 00:18:36 (3336 turns).

Acheron the Chiller (Merfolk Ice Elementalist)      Turns: 3336, Time: 00:18:37

Health: 0/37       AC:  4    Str: 12    XL:     5   Next: 73%
Magic:  5/8        EV: 13    Int: 22    God:
Gold:   128        SH:  0    Dex: 14    Spells: 5/9 levels left

rFire   . . .      SeeInvis .   k - +5 quarterstaff of Mystroas {freeze, Str+3 Int+6}
rCold   . . .      Faith    .   (shield currently unavailable)
rNeg    . . .      Spirit   .   a - +1 robe
rPois   .          Reflect  .   l - +0 helmet
rElec   .          Harm     .   (no cloak)
rCorr   .          Rampage  .   (no gloves)
Will    .....                   (no boots)
Stlth   ++........              (no amulet)
HPRegen 0.12/turn               (no ring)
MPRegen 0.11/turn               (no ring)

@: lethally poisoned (0 -> -20), freezing walls, hasted, very quick
A: (nimble swimmer 2), mertail
a: no special abilities


You were on level 6 of the Dungeon.
You visited 1 branch of the dungeon, and saw 6 of its levels.

You collected 128 gold pieces.

Inventory:

Hand Weapons
 c - a +0 rapier
 e - a +3 vampiric dagger
 k - the +5 quarterstaff of Mystroas (weapon) {freeze, Str+3 Int+6}
   (You found it on level 5 of the Dungeon)

   It freezes those it strikes, dealing additional cold damage.
   It can also slow down cold-blooded creatures.
   Str:       It affects your strength (+3).
   Int:       It affects your intelligence (+6).
Missiles
 g - 6 javelins
 h - 3 atropa-tipped darts (quivered)
 i - 30 stones
 p - 2 poisoned darts
Armour
 a - a +1 robe (worn)
 l - a +0 helmet (worn)
 m - a +0 scale mail
Jewellery
 n - an amulet of reflection
Wands
 d - a wand of polymorph (7)
Scrolls
 b - a scroll of amnesia
Potions
 o - a potion of might


   Skills:
 * Level 1.5 Fighting
 + Level 3.1 Short Blades
 * Level 0.2 Staves
 * Level 0.5 Throwing
 * Level 3.6 Dodging
 * Level 3.1 Stealth
 * Level 2.6 Spellcasting
 * Level 4.9 Ice Magic
 * Level 0.7 Evocations


You had 5 spell levels left.
You knew the following spells:

 Your Spells              Type           Power      Damage    Failure   Level
a - Freeze                Ice            96%        1d11      1%          1
b - Frozen Ramparts       Ice            48%        1d6       4%          3

Your spell library contained the following spells:

 Spells                   Type           Power      Damage    Failure   Level
 Ozocubu's Armour         Ice            24%        N/A       4%          3
 Hailstorm                Conj/Ice       13%        3d5       43%         4


Dungeon Overview and Level Annotations

Branches:
Dungeon (6/15)
 Temple: D:4-7

Altars:
Kikubaaqudgha
Uskayaw

Annotations:
D:3 exclusion: 2 downstairs
D:4 Natasha


Innate Abilities, Weirdness & Mutations

((You are very nimble when in or above water. (Stealth+, EV+, Speed+++)))
Your lower body shifts to a powerful aquatic tail in water.


Message History

Casting: Frozen Ramparts (dangerous; 4% risk of failure)
Confirm with . or Enter, or press ? or * to list all spells.
Casting: Frozen Ramparts (dangerous; 4% risk of failure)
Press: ? - help, Dir - look around, f - activate The walls around you are covered in ice.
You feel extremely sick.
The wall freezes the water moccasin.
The water moccasin closely misses you.
The wall freezes the water moccasin.
The water moccasin closely misses you.
The wall freezes the iguana.
* * * LOW HITPOINT WARNING * * *
You feel very sick.
The wall freezes the water moccasin.
The water moccasin misses you.
The wall freezes the iguana.
* * * LOW HITPOINT WARNING * * *
You feel very sick.
The wall freezes the water moccasin.
The water moccasin bites you.
* * * LOW HITPOINT WARNING * * *
The wall freezes the water moccasin.
The water moccasin seems to slow down.
The water moccasin bites you but does no damage.
The wall freezes the iguana.
You feel much better.
You feel very sick.
The wall freezes the iguana.
The iguana seems to slow down.
The wall freezes the water moccasin.
The water moccasin misses you.
You completely miss the water moccasin.
The water moccasin is severely wounded.
You feel very sick.
The wall freezes the water moccasin.
The water moccasin seems to slow down.
The water moccasin bites you.
You are lethally poisoned!
The water moccasin poisons you!
You hit the water moccasin but do no damage.
The water moccasin is severely wounded.
* * * LOW HITPOINT WARNING * * *
You feel extremely sick.
The wall freezes the iguana.
The iguana seems to slow down.
The wall freezes the water moccasin.
The water moccasin bites you!
* * * LOW HITPOINT WARNING * * *
You feel yourself speed up.
You die...

#......$.....
#............
#............
#.# #.# #####
#.# #... #l# #
#.. #S#
#.#.#####@######
#.......<......#
###.###.#.###.##
#.# #.#.# #.#
#.# #.#.# #.#
#.# #.#.# #.#
#.# #.#.# #.#
#.# #+#+# #.#
#.Y ...


You could see a water moccasin (slow) and an iguana (slow).

Vanquished Creatures
  A scorpion (D:4)
  A howler monkey (D:3)
  A hound (D:4)
  An adder (D:5)
  An adder skeleton (D:4)
  5 dart slugs
  An orc (D:4)
  4 endoplasms
  7 goblins
  5 hobgoblins
  3 quokkas
  4 ball pythons
  3 bats
  A frilled lizard (D:1)
  4 kobolds
  4 rats
46 creatures vanquished.

Notes
Turn   | Place    | Note
-------+----------+-------------------------------------------
     0 | D:1      | Acheron the Merfolk Ice Elementalist began the quest for
                  | the Orb.
     0 | D:1      | Reached XP level 1. HP: 13/13 MP: 3/3
   495 | D:1      | Reached XP level 2. HP: 20/20 MP: 5/5
  1277 | D:3      | Reached XP level 3. HP: 23/25 MP: 6/6
  1295 | D:3      | Learned a level 3 spell: Frozen Ramparts
  1515 | D:3      | Reached skill level 1 in Short Blades
  1902 | D:3      | Reached skill level 1 in Fighting
  1902 | D:3      | Reached XP level 4. HP: 32/32 MP: 3/7
  1992 | D:3      | Found an ancient bone altar of Kikubaaqudgha.
  2106 | D:4      | Noticed an ogre
  2316 | D:5      | Entered Level 5 of the Dungeon
  2351 | D:4      | Noticed Natasha
  2511 | D:4      | Noticed a scorpion
  2520 | D:4      | Killed a scorpion
  2521 | D:4      | Reached XP level 5. HP: 4/37 MP: 4/8
  2525 | D:4      | HP: 2/55 [poisoned by a scorpion]
  2897 | D:5      | Identified the +5 quarterstaff of Mystroas {freeze, Str+3
                  | Int+6}
  2976 | D:5      | Found a hide-covered altar of Uskayaw.
  3302 | D:6      | Noticed a yak
  3322 | D:6      | Noticed a water moccasin
  3332 | D:6      | HP: 1/37 [water moccasin (6)]
  3336 | D:6      | Succumbed to a water moccasin's poison

Illustrated notes

Levels and vault maps discovered:
D:1:      grunt_arrival_crossed_arrows, layout_basic
D:2:      layout_rooms, minmay_door_square
D:3:      layout_rooms, marbit_many_paths, minivault_25
D:4:      layout_basic, serial_bayou_pond_e, uniq_natasha
D:5:      nicolae_cairo_tiling_large, layout_gridville, kennysheep_mini_moat,
          kennysheep_decorative_pillar
D:6:      layout_basic, grunt_gozag_statues, cheibrodos_worm_habitat,
          minmay_temple_entry_grid

Skill      XL: |  1  2  3  4  5 |
---------------+----------------+-----
Dodging        | 3 |  3.6
Short Blades   | 2 3 |  3.1
Fighting       | 1 |  1.5
Stealth        | 3 |  3.1
Staves         | |  0.2
Throwing       | |  0.5
Spellcasting   | |  2.6
Ice Magic      | |  4.9
Evocations     | |  0.7

Action                   |  1- 3 |  4- 6 || total
-------------------------+-------+-------++-------
Melee: Rapier            |     6 |       ||     6
       Dagger            |    79 |    38 ||   117
       Punch             |     3 |     2 ||     5
       Quarterstaff      |       |    19 ||    19
Throw: Dart              |       |     1 ||     1
 Cast: Freeze            |    13 |       ||    13
       Frozen Ramparts   |     1 |     2 ||     3
  Use: Scroll            |     5 |     5 ||    10
       Potion            |       |     3 ||     3
 Stab: Sleeping          |     3 |     4 ||     7
       Distracted        |       |     1 ||     1
Armor: Robe              |    18 |    19 ||    37
Dodge: Dodged            |    48 |    46 ||    94
